 Dungeon Crawl Stone Soup version 0.29.1-2-gbd0b4ee654 (webtiles) character file.

Game seed: 10860296493229196470

15309 DildoBatman the Peltast (level 12, -1/77 HPs)
             Began as a Formicid Conjurer on Nov 22, 2022.
             Was an Elder of Kikubaaqudgha.
             Slain by a red ugly thing (5 damage)
             ... while petrified by Jorgrun
             ... on level 13 of the Dungeon.
             The game lasted 00:39:58 (10145 turns).

DildoBatman the Peltast (Formicid Conjurer)        Turns: 10145, Time: 00:39:59

Health: -1/77      AC:  9    Str: 11    XL:     12   Next: 56%
Magic:  16/22      EV:  2    Int: 30    God:    Kikubaaqudgha [****..]
Gold:   756        SH:  0    Dex: 12    Spells: 7/25 levels left

rFire   . . .      SeeInvis +   a - +2 halberd (vorpal)
rCold   . . .      Faith    +   w - +0 tower shield
rNeg    + + +      Spirit   .   o - +0 troll leather armour
rPois   ∞          Reflect  .   (helmet unavailable)
rElec   .          Harm     .   E - +2 cloak
rCorr   .          Rampage  .   (no gloves)
Will    +....                   q - +0 pair of boots
Stlth   ++........              g - amulet of faith
HPRegen 1.02/turn               h - +6 ring of intelligence
MPRegen 0.18/turn               C - +4 ring of evasion

@: petrified, studying Shields
A: permanent stasis, dig shafts and tunnels, antennae 3, four strong arms,
talons 1, frail 1, poison resistance, wild magic 1
a: Dig, Shaft Self, Renounce Religion, Unearth Wretches


You were on level 13 of the Dungeon.
You worshipped Kikubaaqudgha.
Kikubaaqudgha was greatly pleased with you.
You visited 2 branches of the dungeon, and saw 14 of its levels.

You collected 882 gold pieces.
You spent 126 gold pieces at shops.

Inventory:

Hand Weapons
 a - a +2 vorpal halberd (weapon)
 b - a +2 quarterstaff of speed
 c - a +0 sling
Missiles
 B - a curare-tipped dart
Armour
 o - a +0 troll leather armour (worn)
 q - a +0 pair of boots (worn)
 w - a +0 tower shield (worn)
 E - a +2 cloak (worn)
Magical Staves
 i - a staff of earth
 W - a staff of conjuration
Jewellery
 g - an amulet of faith (around neck)
 h - a +6 ring of intelligence (left hand)
 y - a ring of protection from cold
 C - a +4 ring of evasion (right hand)
 N - a ring of protection from fire
 S - a ring of ice
 X - an amulet of the acrobat
 Y - a +6 ring of intelligence
 Z - an amulet of reflection
Wands
 s - a wand of iceblast (10)
 H - a wand of paralysis (12)
 K - a wand of mindburst (8)
 U - a wand of flame (9)
 V - a wand of quicksilver (10)
Scrolls
 e - a scroll of amnesia {unknown}
 f - a scroll of immolation {unknown}
 m - a scroll of torment {unknown}
 n - 3 scrolls of fear {unknown}
 t - 3 scrolls of enchant armour
 v - 2 scrolls of blinking {unknown}
 x - 2 scrolls of magic mapping {unknown}
 z - a scroll of identify
 D - 4 scrolls of noise
 G - a scroll of summoning {unknown}
 I - a scroll of brand weapon {unknown}
 J - 9 scrolls of teleportation
 L - 2 scrolls of poison
 M - 4 scrolls of butterflies
 Q - a scroll of silence {unknown}
 T - a scroll of enchant weapon {unknown}
Potions
 d - 2 potions of lignification {unknown}
 j - 4 potions of haste
 k - 3 potions of invisibility
 l - a potion of brilliance {unknown}
 p - 2 potions of ambrosia {unknown}
 r - 3 potions of might
 u - 2 potions of magic
 A - a potion of attraction {unknown}
 F - 3 potions of curing
 O - a potion of flight {unknown}
 P - 2 potions of cancellation {unknown}
 R - 3 potions of heal wounds {unknown}


   Skills:
 - Level 5.0 Fighting
 - Level 5.0 Armour
 - Level 3.0 Dodging
 - Level 2.4 Stealth
 - Level 15.0 Shields
 - Level 7.0 Spellcasting
 - Level 6.0 Conjurations
 * Level 10.2 Necromancy
 - Level 6.0 Air Magic
 * Level 5.0 Earth Magic
 - Level 6.0 Poison Magic


You had 7 spell levels left.
You knew the following spells:

 Your Spells              Type           Power      Damage    Failure   Level
a - Searing Ray           Conj           100%       2d8       3%          2
c - Magic Dart            Conj           100%       1d8       2%          1
d - Vampiric Draining     Necr           76%        2d11      1%          3
e - Mephitic Cloud        Conj/Pois/Air  57%        N/A       7%          3
g - Ozocubu's Armour      Ice            13%        N/A       52%         3
h - Dispel Undead         Necr           76%        3d25      4%          4
z - Sublimation of Blood  Necr           76%        N/A       1%          2

Your spell library contained the following spells:

 Spells                   Type           Power      Damage    Failure   Level
 Necrotise                Necr           100%       1d9       1%          1
 Static Discharge         Conj/Air       57%        3-11/arc  3%          2
 Animate Dead             Necr           76%        N/A       4%          4
 Agony                    Necr           76%        N/A       11%         5
 Corpse Rot               Necr/Pois/Air  63%        N/A       12%         4
 Dazzling Flash           Conj/Hex       74%        N/A       21%         3
 Olgreb's Toxic Radiance  Pois           57%        N/A       21%         4
 Apportation              Tloc           26%        N/A       22%         1
 Slow                     Hex            52%        N/A       22%         1
 Summon Small Mammal      Summ           52%        N/A       22%         1
 Call Imp                 Summ           13%        N/A       32%         2
 Death Channel            Necr           38%        N/A       45%         6
 Call Canine Familiar     Summ           13%        N/A       52%         3
 Confusing Touch          Hex            13%        N/A       52%         3
 Gell's Gravitas          Tloc           13%        N/A       52%         3
 Lesser Beckoning         Tloc           13%        N/A       52%         3
 Portal Projectile        Hex/Tloc       26%        N/A       52%         3
 Summon Guardian Golem    Hex/Summ       13%        N/A       52%         3
 Teleport Other           Tloc           13%        N/A       52%         3
 Fulminant Prism          Conj/Hex       18%        3d11      52%         4
 Iskenderun's Mystic Bla  Conj/Tloc      37%        2d9       52%         4
 Sticky Flame             Conj/Fire      37%        2d6       52%         4
 Leda's Liquefaction      Hex/Erth       16%        N/A       58%         4
 Petrify                  Tmut/Erth      33%        N/A       58%         4
 Irradiate                Conj/Tmut      18%        3d17      85%         5
 Simulacrum               Ice/Necr       26%        N/A       98%         6
 Metabolic Englaciation   Hex/Ice        6%         N/A       99%         5
 Ozocubu's Refrigeration  Ice            6%         4d8       100%        7
 Ignition                 Fire           6%         3d4       100%        8


Dungeon Overview and Level Annotations

Branches:
Dungeon (14/15)            Temple (1/1) D:4            Lair (0/5) D:9
    Orc (0/2) D:11
 Vaults: D:13-14

Altars:
Ashenzari
Cheibriados
Dithmenos
Elyvilon
Fedhas
Gozag
Hepliaklqana
Kikubaaqudgha
Makhleb
Nemelex Xobeh
Okawaru
Qazlal
Ru
Sif Muna
Trog
Uskayaw
Vehumet
Wu Jian
Xom
Yredelemnul
Zin
The Shining One

Shops:
D:1 (   D:3 =   D:4 :   D:5 [:[!   D:6 !

Portals:
Trove: D:14 (give horn of Geryon)

Annotations:
D:13 Jorgrun
D:14 exclusion: air elemental


Innate Abilities, Weirdness & Mutations

You cannot be hasted, slowed, berserked, paralysed or teleported.
You can dig through walls and to a lower floor.
You have a pair of large antennae on your head. (SInv)
Your four strong arms can wield two-handed weapons with a shield.
You have sharp toenails.
You are frail. (-10% HP)
Your system is resistant to poisons. (rPois)
Your spells are a little harder to cast, but a little more powerful.


Message History

The stinking cloud engulfs you but does no damage.
The red ugly thing gurgles horribly!
Jorgrun is engulfed in noxious fumes.
Jorgrun points at you and mumbles some strange words.
You are slowing down.
Are you sure you want to shaft yourself?
Jorgrun is engulfed in noxious fumes.
Jorgrun hits you but does no damage.
Jorgrun is engulfed in noxious fumes.
You block Jorgrun's attack.
Your limbs are stiffening.
You begin to dig a shaft.
You continue digging a shaft.
Jorgrun is engulfed in noxious fumes.
Jorgrun appears confused.
You block Jorgrun's attack.
You have turned to stone.
You stop digging.
Jorgrun is engulfed in noxious fumes.
Jorgrun hits you with a staff of earth! Jorgrun shatters you!
Your magical contamination has completely faded away.
Jorgrun is engulfed in noxious fumes.
Jorgrun appears confused.
The red ugly thing headbutts you.
You are engulfed in flames!!
Jorgrun is engulfed in noxious fumes.
Jorgrun appears confused.
Jorgrun hits you with a staff of earth! Jorgrun shatters you.
The red ugly thing headbutts you!
You are engulfed in flames!
Jorgrun is engulfed in noxious fumes.
Jorgrun hits you with a staff of earth. The red ugly thing headbutts you!
You are engulfed in flames!
Jorgrun is engulfed in noxious fumes.
The red ugly thing headbutts you!
You die...
Kikubaaqudgha rasps: "You have failed me!
Welcome... oblivion!"

#...............#
#..######'#.....#
#..#......#.....# #.
#......#.....#
#..#......#.....###
#..#..)...#.......#
####..##'#####.......#
.....................#
..............@g.....#
.........#####○u...###
###......# #.<...#
#......# #.....#
#......# '.....#
###....#+###.....#
#..>...........#
#............!.#
#...............


You could see Jorgrun (confused) and a red ugly thing.

Vanquished Creatures
  Josephine (D:10)
  Fannar (D:10)
  3 two-headed ogres
  2 manticores
  A black mamba (shapeshifter) (D:14)
  2 gargoyles
  A rime drake (shapeshifter) (D:14)
  Psyche (D:10)
  A troll (D:9)
  A meliai (shapeshifter) (D:14)
  A hornet (D:7)
  2 dream sheep (D:7)
  A jumping spider (shapeshifter) (D:14)
  Sigmund (D:5)
  7 wraiths (D:10)
  A shadow (D:11)
  15 yaks
  Eustachio (D:5)
  2 basilisks (D:14)
  Grum (D:9)
  A steam dragon (D:9)
  4 vampire mosquitoes (D:11)
  Edmund (D:5)
  2 water moccasins
  An acid dragon (D:14)
  2 orc warriors
  A sky beast (D:7)
  2 ogres (D:6)
  6 centaurs
  4 wolves (D:9)
  A phantom (D:6)
  4 kobold brigands
  A gnoll sergeant (D:7)
  4 scorpions
  5 bullfrogs
  4 wights (D:8)
  10 killer bees
  6 howler monkeys
  3 electric eels (D:9)
  Crazy Yiuf (D:5)
  An orc priest (D:11)
  7 hounds
  2 gnoll boudas
  3 iguanas
  17 gnolls
  7 adders
  2 white imps
  An ufetubus (D:4)
  3 worms
  A dart slug (D:4)
  11 orcs
  5 bats
  4 endoplasms
  2 giant cockroaches
  15 goblins
  8 hobgoblins
  4 jackals (D:4)
  3 quokkas
  9 ball pythons
  4 frilled lizards
  20 kobolds
  4 rats
242 creatures vanquished.

Vanquished Creatures (others)
  2 electric eels (D:11)
  A kobold (D:10)
3 creatures vanquished.

Grand Total: 245 creatures vanquished

Notes
Turn   | Place    | Note
-------+----------+-------------------------------------------
     0 | D:1      | DildoBatman the Formicid Conjurer began the quest for the
                  | Orb.
     0 | D:1      | Reached XP level 1. HP: 13/13 MP: 3/3
   218 | D:1      | Found Qegofren's Weapon Shop.
   315 | D:1      | Reached XP level 2. HP: 19/19 MP: 0/5
   318 | D:1      | Learned a level 2 spell: Searing Ray
   928 | D:2      | Found a glowing golden altar of the Shining One.
   975 | D:2      | Found a faded altar of an unknown god.
   983 | D:2      | Reached XP level 3. HP: 24/24 MP: 3/6
  1445 | D:2      | Reached XP level 4. HP: 30/30 MP: 2/7
  1669 | D:3      | Reached skill level 5 in Conjurations
  1728 | D:3      | Learned a level 3 spell: Mephitic Cloud
  1742 | D:3      | Reached XP level 5. HP: 27/35 MP: 3/8
  1946 | D:3      | Found a sacrificial altar of Ru.
  2064 | D:3      | Found Ruputh's Jewellery Shoppe.
  2488 | D:4      | Found Govozas's Book Emporium.
  2510 | D:4      | Found a staircase to the Ecumenical Temple.
  2519 | Temple   | Entered the Ecumenical Temple
  2526 | Temple   | Became a worshipper of Kikubaaqudgha
  2539 | D:4      | Reached skill level 1 in Fighting
  2539 | D:4      | Reached skill level 1 in Armour
  2747 | D:4      | Reached XP level 6. HP: 43/43 MP: 2/9
  2846 | D:4      | Noticed a water moccasin
  2917 | D:4      | Killed a water moccasin
  2918 | D:4      | Reached skill level 1 in Poison Magic
  3100 | D:4      | Reached * piety under Kikubaaqudgha
  3100 | D:4      | Received a gift from Kikubaaqudgha
  3101 | D:4      | Reached skill level 1 in Air Magic
  3234 | D:5      | Entered Level 5 of the Dungeon
  3235 | D:5      | Noticed Eustachio
  3302 | D:5      | Killed Eustachio
  3303 | D:5      | Reached XP level 7. HP: 48/50 MP: 2/11
  3390 | D:5      | Reached skill level 1 in Shields
  3392 | D:5      | Noticed Edmund
  3429 | D:5      | Killed Edmund
  3430 | D:5      | Reached skill level 2 in Shields
  3576 | D:5      | Found a runed translucent door.
  3577 | D:5      | Noticed Crazy Yiuf
  3622 | D:5      | Killed Crazy Yiuf
  3623 | D:5      | Reached XP level 8. HP: 57/57 MP: 4/13
  3800 | D:5      | Noticed Sigmund
  3810 | D:5      | Killed Sigmund
  3811 | D:5      | Reached skill level 3 in Shields
  3875 | D:5      | Found Quobucw's Armour Shop.
  3876 | D:5      | Found Itimeunk's Book Boutique.
  3877 | D:5      | Found Silamex's Distillery.
  3879 | D:5      | Found Puhoh's Armour Shop.
  3885 | D:5      | Bought a potion of degeneration for 14 gold pieces
  3885 | D:5      | Bought a potion of mutation for 112 gold pieces
  4119 | D:5      | Gained mutation: You are dopey. (Int -2) [potion of
                  | mutation]
  4119 | D:5      | Gained mutation: You have sharp toenails. [potion of
                  | mutation]
  4119 | D:5      | Gained mutation: You have razor-sharp toenails. [potion of
                  | mutation]
  4121 | D:6      | Found a shimmering altar of Xom.
  4225 | D:6      | Learned a level 2 spell: Sublimation of Blood
  4229 | D:6      | Learned a level 3 spell: Vampiric Draining
  4334 | D:6      | Reached skill level 5 in Poison Magic
  4420 | D:6      | Reached XP level 9. HP: 55/63 MP: 8/16
  4457 | D:6      | Reached skill level 5 in Spellcasting
  4528 | D:6      | Found Ipuc's Distillery.
  4875 | D:7      | Noticed a hornet
  4894 | D:7      | Killed a hornet
  4973 | D:7      | Found a blossoming altar of Fedhas.
  5289 | D:7      | Reached ** piety under Kikubaaqudgha
  5339 | D:7      | Reached skill level 5 in Air Magic
  5554 | D:7      | Found a sparkling altar of Nemelex Xobeh.
  6020 | D:8      | Noticed a two-headed ogre
  6213 | D:8      | Reached skill level 4 in Shields
  6296 | D:8      | Reached XP level 10. HP: 70/70 MP: 18/20
  6298 | D:8      | Killed a two-headed ogre
  6299 | D:8      | Reached skill level 9 in Shields
  6409 | D:8      | Reached skill level 10 in Shields
  6519 | D:8      | Reached skill level 11 in Shields
  6644 | D:8      | Reached skill level 12 in Shields
  6676 | D:8      | Reached skill level 13 in Shields
  6690 | D:8      | Reached skill level 14 in Shields
  7143 | D:9      | Reached skill level 15 in Shields
  7151 | D:9      | Reached skill level 1 in Necromancy
  7163 | D:9      | Reached XP level 11. HP: 65/75 MP: 16/21
  7220 | D:9      | Found a staircase to the Lair.
  7305 | D:9      | Noticed Grum
  7325 | D:9      | Killed Grum
  7492 | D:9      | Reached *** piety under Kikubaaqudgha
  7492 | D:9      | Received a gift from Kikubaaqudgha
  7515 | D:9      | Found a hazy altar of Hepliaklqana.
  7647 | D:9      | Learned a level 4 spell: Dispel Undead
  7685 | D:9      | Found a white marble altar of Elyvilon.
  7685 | D:9      | Found a glowing silver altar of Zin.
  7903 | D:10     | Entered Level 10 of the Dungeon
  7910 | D:10     | Noticed Fannar
  7959 | D:10     | Reached skill level 5 in Fighting
  7959 | D:10     | Reached skill level 5 in Armour
  7966 | D:10     | Noticed a two-headed ogre
  8180 | D:10     | Killed a two-headed ogre
  8181 | D:10     | Reached skill level 5 in Necromancy
  8224 | D:10     | Noticed Psyche
  8315 | D:10     | Killed Fannar
  8322 | D:10     | Killed Psyche
  8453 | D:10     | Noticed Josephine
  8579 | D:10     | Killed Josephine
  8580 | D:10     | Reached XP level 12. HP: 65/86 MP: 11/22
  8776 | D:11     | Noticed a two-headed ogre
  8791 | D:11     | Killed a two-headed ogre
  8810 | D:11     | Lost mutation: You are dopey. (Int -2) [potion of mutation]
  8810 | D:11     | Lost mutation: You have razor-sharp toenails. [potion of
                  | mutation]
  8810 | D:11     | Gained mutation: You are frail. (-10% HP) [potion of
                  | mutation]
  8810 | D:11     | Gained mutation: Your spells are a little harder to cast,
                  | but a little more powerful. [potion of mutation]
  8810 | D:11     | Gained mutation: Your system is resistant to poisons.
                  | (rPois) [potion of mutation]
  8827 | D:11     | Found a staircase to the Orcish Mines.
  8906 | D:11     | Learned a level 3 spell: Ozocubu's Armour
  8920 | D:11     | Reached skill level 1 in Earth Magic
  8920 | D:11     | Reached **** piety under Kikubaaqudgha
  9132 | D:11     | Noticed a two-headed ogre
  9142 | D:11     | Noticed an eight-headed hydra
  9146 | D:11     | You fall into a shaft and drop 3 floors!
  9452 | D:14     | Found a stormy altar of Qazlal.
  9775 | D:14     | Reached skill level 10 in Necromancy
  9869 | D:14     | Found a portal to a secret trove of treasure.
 10089 | D:13     | Reached skill level 5 in Earth Magic
 10130 | D:13     | Noticed Jorgrun
 10144 | D:13     | HP: 3/77 [red ugly thing (6)]
 10145 | D:13     | Slain by a red ugly thing

Illustrated notes

Levels and vault maps discovered:
D:1:      mainiacjoe_arrival_reflecting_pool, layout_basic, serial_shops,
          nicolae_shop_hallway_stairs
D:2:      layout_basic, basic_altar, basic_ecumenical_altar, minmay_pentomino_v2
D:3:      layout_loops_ring, nicolae_ru_path_of_blood, serial_shops,
          nicolae_lakefront_shop, moated_statue
D:4:      kennysheep_the_goblin_king, layout_basic,
          minmay_temple_entry_junction_2, serial_shops,
          nicolae_shop_advertising_works [nicolae_subvault_shop_adworks],
          minmay_manual_moon
D:5:      layout_cave_pools, nicolae_wooded_promenade, uniq_edmund,
          uniq_crazy_yiuf_cottage, uniq_eustachio, uniq_sigmund
D:6:      layout_cave_pools, lemuel_tele_altar, serial_column_ruins,
          column_ruins_hut, column_ruins_columns_straight, column_ruins_grid_1,
          column_ruins_open_small, column_ruins_columns_straight,
          column_ruins_corridor_water, nicolae_take_the_stairs,
          minmay_misc_feat_tiny
D:7:      layout_cave_pods, fedhas_ov_isle_minmay, nemelex_spade_bored_becter,
          minmay_misc_feat_more_columns, grunt_decor_clamped,
          dreamdust_gnoll_shepherd
D:8:      layout_gridville, kb_lookout_dungeons_type, minmay_fountain_box,
          kennysheep_generic_room_10
D:9:      layout_loops_cross, worldfamousw_hep_ancestral_shrine,
          amethyst_overflow_temple_binary, erik_lair_island, uniq_grum
D:10:     layout_cave_pools, uniq_psyche, uniq_fannar, uniq_josephine
D:11:     layout_basic, orc_0_dummy
D:13:     layout_irregular_city, erik_vaults_1, uniq_jorgrun
D:14:     layout_basic, serial_curves, eino_curves_01, eino_curves_04,
          nicolae_qazlal_style_of_elements, nicolae_trove_entry_columns,
          hellmonk_bongcloud_opening
Temple:   nicolae_temple_no_exploring_needed

Skill      XL: |  1  2  3  4  5  6  7  8  9 10 11 12 |
---------------+-------------------------------------+-----
Conjurations   | 4 5 6 |  6.0
Dodging        | 2 3 |  3.0
Fighting       | 1 2 3 5 |  5.0
Armour         | 1 2 3 5 |  5.0
Poison Magic   | 2 5 6 |  6.0
Spellcasting   | 3 4 7 |  7.0
Air Magic      | 1 3 5 6 |  6.0
Shields        | 2 3 4 15 | 15.0
Necromancy     | 1 8 10 | 10.2
Earth Magic    | 5 |  5.0
Stealth        | |  2.4

Action                   |  1- 3 |  4- 6 |  7- 9 | 10-12 || total
-------------------------+-------+-------+-------+-------++-------
Melee: Short sword       |     8 |       |       |       ||     8
       Spear             |    10 |    15 |       |       ||    25
       Quarterstaff      |       |    42 |    49 |     4 ||    95
       Punch             |       |     2 |       |       ||     2
       Halberd           |       |       |    98 |   355 ||   453
 Fire: Sling             |       |       |    29 |     2 ||    31
 Cast: Magic Dart        |    55 |    41 |     4 |    21 ||   121
       Searing Ray       |     2 |    16 |     7 |    15 ||    40
       Mephitic Cloud    |       |       |    31 |    68 ||    99
       Dispel Undead     |       |       |       |    14 ||    14
       Sublimation of Bl |       |       |       |    13 ||    13
       Vampiric Draining |       |       |       |     2 ||     2
 Abil: Dig               |       |       |       |     1 ||     1
       Shaft Self        |       |       |       |     2 ||     2
  Use: Potion            |       |       |     1 |     1 ||     2
       Scroll            |       |       |       |     8 ||     8
 Stab: Sleeping          |       |     4 |     2 |       ||     6
       Confused          |       |       |    17 |    26 ||    43
Armor: Robe              |     2 |    20 |    16 |    11 ||    49
       Troll leather arm |       |       |       |    13 ||    13
Dodge: Dodged            |    10 |    50 |    84 |   124 ||   268
Block: Buckler           |       |       |    25 |    37 ||    62
       Reflection        |       |       |     5 |    21 ||    26
       Tower shield      |       |       |       |   313 ||   313
